EL
MOBILE BAYBEARS @ TENNESSEE SMOKIES
08/12/2047
 
TOP OF THE 1ST
Mobile BayBears batting - Pitching for Tennessee Smokies : LHP Virgílio Beyfus
Pitching: LHP Virgílio Beyfus
Batting: RHB Carlos Ballesteros 0-0: Ball
1-0: Called Strike
1-1: Ball
2-1: Ball
3-1: Base on Balls
Batting: LHB Jeff Densmore 0-0: Ball
1-0: Called Strike
1-1: Ball
2-1: Ball
3-1: Foul Ball, location: 2F
3-2: Foul Ball, location: 2F
3-2: Foul Ball, location: 2F
3-2: SINGLE (Line Drive, 8LS, EV 100.6 MPH)
Carlos Ballesteros to second
Runner from 2nd tries for 3rd, SAFE, throw by CF made to third
Batting: RHB Dustin Clark 0-0: Called Strike
0-1: Grounds into double play, 5-4-3 (Groundball, 5L, EV 91.9 MPH)
Carlos Ballesteros scores
Batting: RHB Chris Bittner 0-0: Foul Ball, location: 2F
0-1: Ball
1-1: Foul Ball, location: 2F
1-2: Strikes out swinging
Top of the 1st over - 1 run, 1 hit, 0 errors, 0 left on base; Mobile 1 - Tennessee 0
BOTTOM OF THE 1ST
Tennessee Smokies batting - Pitching for Mobile BayBears : RHP Reynaldo Edwards
Pitching: RHP Reynaldo Edwards
Batting: RHB Eric Wiss 0-0: Ball
1-0: Ball
2-0: SINGLE (Groundball, 25, EV 66.2 MPH) (infield hit)
Batting: LHB Kwang-chih Men 0-0: Ball
1-0: Ball
2-0: Foul Ball, location: 2F
2-1: Swinging Strike
2-2: Strikes out swinging
Batting: RHB Ricardo Aguinaga 0-0: Called Strike
0-1: Ball
1-1: Swinging Strike
1-2: Foul Ball, location: 2F
1-2: Ball
2-2: Foul Ball, location: 2F
2-2: Strikes out swinging
Batting: SHB Nick Chandler 0-0: Called Strike
Eric Wiss steals 2nd base
0-1: Swinging Strike
0-2: Strikes out looking
Bottom of the 1st over - 0 runs, 1 hit, 0 errors, 1 left on base; Mobile 1 - Tennessee 0
TOP OF THE 2ND
Mobile BayBears batting - Pitching for Tennessee Smokies : LHP Virgílio Beyfus
Batting: RHB Blake Beale 0-0: Called Strike
0-1: Fly out, F8 (Flyball, 8LM, EV 94.4 MPH)
Batting: LHB Bob Myers 0-0: Ball
1-0: Called Strike
1-1: Swinging Strike
1-2: Ball
2-2: Ball
3-2: Base on Balls
Batting: RHB Franklin Villanueva 0-0: Ball
1-0: Called Strike
1-1: Ball
2-1: Swinging Strike
2-2: DOUBLE (Groundball, 5L, EV 100.6 MPH)
Bob Myers to third
Runner from 3rd tries for Home, SAFE, throw by LF to trailing runner, SAFE at third!
Batting: RHB Jeremy Adams 0-0: Ball
1-0: Called Strike
1-1: Ball
2-1: DOUBLE (Line Drive, 7LD, EV 100.6 MPH)
Franklin Villanueva scores
Batting: RHB Yasuo Nakata 0-0: Called Strike
0-1: Ball
1-1: Ball
2-1: Swinging Strike
2-2: Foul Ball, location: 2F
2-2: Ground out 5-3 (Groundball, 56, EV 98.1 MPH)
Batting: RHB Carlos Ballesteros 0-0: Called Strike
0-1: Foul Ball, location: 2F
0-2: Ball
1-2: Ball
2-2: Ball
3-2: Base on Balls
Batting: LHB Jeff Densmore 0-0: Ball
1-0: Ball
2-0: Foul Ball, location: 2F
2-1: Foul Ball, location: 2F
2-2: Ball
3-2: DOUBLE (Line Drive, 7LS, EV 108.1 MPH)
Jeremy Adams scores
Carlos Ballesteros to third
Carlos Ballesteros scores
Batting: RHB Dustin Clark 0-0: Called Strike
0-1: Swinging Strike
0-2: Foul Ball, location: 2F
0-2: Strikes out swinging
Top of the 2nd over - 4 runs, 3 hits, 0 errors, 1 left on base; Mobile 5 - Tennessee 0
BOTTOM OF THE 2ND
Tennessee Smokies batting - Pitching for Mobile BayBears : RHP Reynaldo Edwards
Batting: RHB Brad Santanello 0-0: Called Strike
0-1: Ball
1-1: Ground out 2-3 (Groundball, 2L, EV 65.6 MPH)
Batting: RHB David Barnard 0-0: Swinging Strike
0-1: SINGLE (Groundball, 23, EV 73.8 MPH) (infield hit)
Batting: RHB Andy Huntley 0-0: Ball
David Barnard steals 2nd, throwing error, E2
David Barnard to third
1-0: Ball
2-0: Ball
3-0: Called Strike
3-1: SINGLE (Groundball, 6, EV 95.6 MPH)
David Barnard scores
Batting: RHB Denis Rachin 0-0: Ball
Andy Huntley steals 2nd base
1-0: Ball
2-0: Called Strike
2-1: Ball
3-1: Ground out 5-3 (Groundball, 56, EV 100.6 MPH)
Batting: LHB Adam Conover 0-0: Called Strike
0-1: Ground out 4-3 (Groundball, 4, EV 106.9 MPH)
Bottom of the 2nd over - 1 run, 2 hits, 1 error, 1 left on base; Mobile 5 - Tennessee 1
TOP OF THE 3RD
Mobile BayBears batting - Pitching for Tennessee Smokies : LHP Virgílio Beyfus
Batting: RHB Chris Bittner 0-0: Foul Ball, location: 2F
0-1: Ball
1-1: Ball
2-1: Swinging Strike
2-2: Foul Ball, location: 2F
2-2: Strikes out swinging
Batting: RHB Blake Beale 0-0: Ball
1-0: Called Strike
1-1: Ball
2-1: SINGLE (Line Drive, 4D, EV 100.6 MPH)
Pitching: RHP Jake Newman
Batting: LHB Bob Myers 0-0: Ball
1-0: Foul Ball, location: 2F
1-1: SINGLE (Groundball, 5S, EV 69.4 MPH) (infield hit)
Blake Beale to second
Batting: RHB Franklin Villanueva 0-0: Called Strike
0-1: Ball
1-1: Ball
2-1: Foul Ball, location: 2F
2-2: Ball
Wild Pitch!
Blake Beale to third
Bob Myers to second
3-2: Base on Balls
Batting: RHB Jeremy Adams 0-0: Called Strike
0-1: Ball
1-1: Grounds into double play, 6-4-3 (Groundball, 6M, EV 87.5 MPH)
Top of the 3rd over - 0 runs, 2 hits, 0 errors, 2 left on base; Mobile 5 - Tennessee 1
BOTTOM OF THE 3RD
Tennessee Smokies batting - Pitching for Mobile BayBears : RHP Reynaldo Edwards
Batting: RHB Eric Wiss 0-0: Foul Ball, location: 2F
0-1: Ball
1-1: Ball
2-1: Ground out 5-3 (Groundball, 56, EV 83.8 MPH)
Batting: LHB Kwang-chih Men 0-0: Foul Ball, location: 2F
0-1: Foul Ball, location: 2F
0-2: Fly out, F5 (Popup, 5F, EV 84.4 MPH)
Batting: RHB Ricardo Aguinaga 0-0: Called Strike
0-1: Ball
1-1: Ball
2-1: Foul Ball, location: 2F
2-2: SINGLE (Line Drive, 5D, EV 94.4 MPH)
Batting: SHB Nick Chandler 0-0: Called Strike
0-1: Ball
1-1: SINGLE (Flyball, 56D, EV 88.1 MPH)
Ricardo Aguinaga to second
Batting: RHB Brad Santanello 0-0: Called Strike
0-1: Ball
1-1: Fielders Choice at 2nd, 6-4 (Groundball, 56, EV 105.6 MPH)
Bottom of the 3rd over - 0 runs, 2 hits, 0 errors, 2 left on base; Mobile 5 - Tennessee 1
TOP OF THE 4TH
Mobile BayBears batting - Pitching for Tennessee Smokies : RHP Jake Newman
Batting: RHB Yasuo Nakata 0-0: Ball
1-0: Ball
2-0: Ball
3-0: Called Strike
3-1: Foul Ball, location: 2F
3-2: Ground out 3-1 (Groundball, 34S, EV 88.1 MPH)
Batting: RHB Carlos Ballesteros 0-0: Ball
1-0: Fly out, F4 (Flyball, 4D, EV 83.1 MPH)
Batting: LHB Jeff Densmore 0-0: Ball
1-0: Ball
2-0: Ball
3-0: Called Strike
3-1: Called Strike
3-2: Foul Ball, location: 2F
3-2: Fly out, F7 (Flyball, 7D, EV 105.6 MPH)
Top of the 4th over - 0 runs, 0 hits, 0 errors, 0 left on base; Mobile 5 - Tennessee 1
BOTTOM OF THE 4TH
Tennessee Smokies batting - Pitching for Mobile BayBears : RHP Reynaldo Edwards
Batting: RHB David Barnard 0-0: Ball
1-0: Ground out U3 (Groundball, 34, EV 108.1 MPH)
Batting: RHB Andy Huntley 0-0: Ground out 4-3 (Groundball, 13, EV 84.4 MPH)
Batting: RHB Denis Rachin 0-0: Foul Ball, location: 2F
0-1: Ball
1-1: Ball
2-1: Ball
3-1: Fly out, F8 (Flyball, 78M, EV 79.4 MPH)
Bottom of the 4th over - 0 runs, 0 hits, 0 errors, 0 left on base; Mobile 5 - Tennessee 1
TOP OF THE 5TH
Mobile BayBears batting - Pitching for Tennessee Smokies : RHP Jake Newman
Batting: RHB Dustin Clark 0-0: Called Strike
0-1: Swinging Strike
0-2: Strikes out looking
Batting: RHB Chris Bittner 0-0: Called Strike
0-1: Called Strike
0-2: Strikes out swinging
Batting: RHB Blake Beale 0-0: Ground out 5-3 (Groundball, 56, EV 90.0 MPH)
Top of the 5th over - 0 runs, 0 hits, 0 errors, 0 left on base; Mobile 5 - Tennessee 1
BOTTOM OF THE 5TH
Tennessee Smokies batting - Pitching for Mobile BayBears : RHP Reynaldo Edwards
Batting: LHB Adam Conover 0-0: Ball
1-0: Called Strike
1-1: Ball
2-1: Ball
3-1: Called Strike
3-2: Foul Ball, location: 2F
3-2: Base on Balls
Batting: RHB Eric Wiss 0-0: Foul Ball, location: 2F
0-1: Ball
1-1: Called Strike
1-2: Foul Ball, location: 2F
1-2: Foul Ball, location: 2F
1-2: SINGLE (Flyball, 56D, EV 92.5 MPH)
Adam Conover to second
Batting: LHB Kwang-chih Men 0-0: Foul Ball, location: 2F
0-1: Swinging Strike
0-2: Foul Ball, location: 2F
0-2: Ball
1-2: Strikes out swinging
Batting: RHB Ricardo Aguinaga 0-0: Ball
1-0: Fly out, F9 (Flyball, 8RS, EV 86.9 MPH)
Batting: SHB Nick Chandler 0-0: Ball
1-0: Ground out 4-3 (Groundball, 4, EV 105.6 MPH)
Bottom of the 5th over - 0 runs, 1 hit, 0 errors, 2 left on base; Mobile 5 - Tennessee 1
TOP OF THE 6TH
Mobile BayBears batting - Pitching for Tennessee Smokies : RHP Jake Newman
Batting: LHB Bob Myers 0-0: Ball
1-0: Swinging Strike
1-1: Ground out U3 (Groundball, 3, EV 79.4 MPH)
Batting: RHB Franklin Villanueva 0-0: Foul Ball, location: 2F
0-1: Called Strike
0-2: Strikes out looking
Batting: RHB Jeremy Adams 0-0: Foul Ball, location: 2F
0-1: Swinging Strike
0-2: Ball
1-2: Ball
2-2: Ball
3-2: Foul Ball, location: 2F
3-2: Ground out 5-3 (Groundball, 5S, EV 91.2 MPH)
Top of the 6th over - 0 runs, 0 hits, 0 errors, 0 left on base; Mobile 5 - Tennessee 1
BOTTOM OF THE 6TH
Tennessee Smokies batting - Pitching for Mobile BayBears : RHP Reynaldo Edwards
Batting: RHB Brad Santanello 0-0: Called Strike
0-1: Ball
1-1: Foul Ball, location: 2F
1-2: Foul Ball, location: 2F
1-2: Ground out 6-3 (Groundball, 6S, EV 83.1 MPH)
Batting: RHB David Barnard 0-0: Ball
1-0: Foul Ball, location: 2F
1-1: Ground out 4-3 (Groundball, 4MS, EV 87.5 MPH)
Batting: RHB Andy Huntley 0-0: Called Strike
0-1: Ball
1-1: Foul Ball, location: 2F
1-2: Strikes out swinging
Bottom of the 6th over - 0 runs, 0 hits, 0 errors, 0 left on base; Mobile 5 - Tennessee 1
TOP OF THE 7TH
Mobile BayBears batting - Pitching for Tennessee Smokies : RHP Jake Newman
Pitching: RHP Devin Ward
Batting: RHB Yasuo Nakata 0-0: SINGLE (Line Drive, 6M, EV 94.4 MPH)
Batting: RHB Carlos Ballesteros 0-0: Bunted foul
0-1: Bunted foul
0-2: Ground out 6-3 (Groundball, 6S, EV 65.6 MPH)
Yasuo Nakata to second
Batting: LHB Jeff Densmore 0-0: Ball
1-0: Called Strike
1-1: Ball
2-1: Foul Ball, location: 2F
2-2: Strikes out swinging
Batting: RHB Dustin Clark 0-0: Ball
1-0: Swinging Strike
1-1: Ball
2-1: Ball
3-1: SINGLE (Groundball, 6D, EV 95.6 MPH)
Yasuo Nakata to third
Runner from 3rd tries for Home, throw by CF and OUT! 8-2
Top of the 7th over - 0 runs, 2 hits, 0 errors, 1 left on base; Mobile 5 - Tennessee 1
BOTTOM OF THE 7TH
Tennessee Smokies batting - Pitching for Mobile BayBears : RHP Reynaldo Edwards
Pitching: RHP Nobuo Okazaki
Batting: RHB Denis Rachin 0-0: Called Strike
0-1: Swinging Strike
0-2: Ball
1-2: Ground out 6-3 (Groundball, 6, EV 106.2 MPH)
Batting: LHB Adam Conover 0-0: Fly out, F8 (Flyball, 8LXD, EV 105.6 MPH)
Batting: RHB Eric Wiss 0-0: Ball
1-0: Ball
2-0: Called Strike
2-1: Fly out, F7 (Flyball, 78D, EV 98.1 MPH)
Bottom of the 7th over - 0 runs, 0 hits, 0 errors, 0 left on base; Mobile 5 - Tennessee 1
TOP OF THE 8TH
Mobile BayBears batting - Pitching for Tennessee Smokies : RHP Devin Ward
Pitching: RHP Gavrel Godziashvili
Batting: RHB Chris Bittner 0-0: Ball
1-0: Foul Ball, location: 2F
1-1: Ball
2-1: Foul Ball, location: 2F
2-2: Reached on error, E6 (Groundball, 6, EV 91.9 MPH)
Batting: RHB Blake Beale 0-0: Ball
1-0: Foul Ball, location: 2F
1-1: Foul Ball, location: 2F
1-2: Ball
2-2: Ball
3-2: Base on Balls
Batting: LHB Bob Myers 0-0: Foul Ball, location: 2F
0-1: Swinging Strike
0-2: Foul Ball, location: 2F
0-2: Strikes out swinging
Batting: RHB Franklin Villanueva 0-0: Ball
1-0: Ball
2-0: Called Strike
2-1: SINGLE (Groundball, 56D, EV 111.2 MPH)
Chris Bittner to third
Blake Beale to second
Runner from 3rd tries for Home, SAFE, throw by LF to home
Batting: RHB Jeremy Adams 0-0: Ball
1-0: Ball
2-0: Foul Ball, location: 2F
2-1: Foul Ball, location: 2F
2-2: Strikes out swinging
Batting: RHB Yasuo Nakata 0-0: Ball
1-0: Fielders Choice at 2nd, 5-4 (Groundball, 5, EV 91.2 MPH)
Top of the 8th over - 1 run, 1 hit, 1 error, 2 left on base; Mobile 6 - Tennessee 1
BOTTOM OF THE 8TH
Tennessee Smokies batting - Pitching for Mobile BayBears : RHP Nobuo Okazaki
Batting: LHB Kwang-chih Men 0-0: Called Strike
0-1: Called Strike
0-2: Ball
1-2: Fly out, F5 (Popup, 25, EV 79.4 MPH)
Batting: RHB Ricardo Aguinaga 0-0: Called Strike
0-1: SINGLE (Groundball, 56D, EV 107.5 MPH)
Batting: SHB Nick Chandler 0-0: Ball
1-0: Swinging Strike
1-1: Foul Ball, location: 2F
1-2: Strikes out swinging
Batting: RHB Brad Santanello 0-0: Ball
1-0: Called Strike
1-1: Swinging Strike
1-2: Strikes out swinging
Bottom of the 8th over - 0 runs, 1 hit, 0 errors, 1 left on base; Mobile 6 - Tennessee 1
TOP OF THE 9TH
Mobile BayBears batting - Pitching for Tennessee Smokies : RHP Gavrel Godziashvili
Batting: RHB Carlos Ballesteros 0-0: Called Strike
0-1: Ground out 5-3 (Groundball, 56S, EV 63.1 MPH)
Batting: LHB Jeff Densmore 0-0: Ball
1-0: Ball
2-0: Ball
3-0: Base on Balls
Pitching: RHP Adrian Dorsi
Batting: RHB Dustin Clark 0-0: Ball
1-0: Ball
2-0: Ball
3-0: Called Strike
3-1: Called Strike
3-2: Base on Balls
Jeff Densmore to second
Batting: RHB Chris Bittner 0-0: Called Strike
0-1: Ball
1-1: Foul Ball, location: 2F
1-2: Strikes out looking
Batting: RHB Blake Beale 0-0: Called Strike
0-1: Fly out, F9 (Flyball, 9, EV 89.4 MPH)
Top of the 9th over - 0 runs, 0 hits, 0 errors, 2 left on base; Mobile 6 - Tennessee 1
BOTTOM OF THE 9TH
Tennessee Smokies batting - Pitching for Mobile BayBears : RHP Nobuo Okazaki
Batting: RHB David Barnard 0-0: Ball
1-0: Ball
2-0: Ball
3-0: Base on Balls
Pitching: RHP Alex Apolinar
Batting: RHB Andy Huntley Pickoff Throw to First - Out! 1-3
0-0: Fly out, F8 (Line Drive, 8LM, EV 97.5 MPH)
Batting: RHB Denis Rachin 0-0: Foul Ball, location: 2F
0-1: Ball
1-1: Called Strike
1-2: Ball
2-2: Foul Ball, location: 2F
2-2: Strikes out swinging
Bottom of the 9th over - 0 runs, 0 hits, 0 errors, 0 left on base; Mobile 6 - Tennessee 1
Thursday, December 15th , 2022 - OOTP Baseball 23.9 Build 102